 Dungeon Crawl Stone Soup version 0.28.0-43-g3370ac3207 (webtiles) character file.

Game seed: 10793024355407105106

23 protoss039 the Grave Robber (level 2, -3/15 HPs)
             Began as a Deep Elf Necromancer on Mar 4, 2022.
             Frozen to death by an endoplasm (4 damage)
             ... on level 1 of the Dungeon.
             The game lasted 00:01:26 (761 turns).

protoss039 the Grave Robber (Deep Elf Necromancer)   Turns: 761, Time: 00:01:27

Health: -3/15      AC:  2    Str:  5    XL:     2   Next: 72%
Magic:  0/8        EV: 12    Int: 19    God:
Gold:   4          SH:  0    Dex: 15    Spells: 5/7 levels left

rFire   . . .      SeeInvis .   c - +0 short sword
rCold   . . .      Faith    .   (no shield)
rNeg    . . .      Spirit   .   a - +0 robe
rPois   .          Reflect  .   (no helmet)
rElec   .          Harm     .   (no cloak)
rCorr   .          Rampage  .   (no gloves)
Will    .....                   (no boots)
Stlth   ++........              (no amulet)
HPRegen 0.05/turn               (no ring)
MPRegen 0.11/turn               (no ring)

@: no status effects
A: no striking features
a: no special abilities


You were on level 1 of the Dungeon.
You visited 1 branch of the dungeon, and saw 1 of its levels.

You collected 4 gold pieces.

Inventory:

Hand Weapons
 c - a +0 short sword (weapon)
Armour
 a - a +0 robe (worn)
Potions
 b - 3 potions of curing {unknown}
 d - a potion of mutation {unknown}


   Skills:
 - Level 2.4 Dodging
 - Level 2.4 Stealth
 + Level 3.4 Spellcasting
 + Level 5.6 Necromancy


You had 5 spell levels left.
You knew the following spells:

 Your Spells              Type           Power      Damage    Failure   Level
a - Pain                  Necr           96%        1d8       1%          1
b - Animate Skeleton      Necr           48%        N/A       1%          1

Your spell library contained the following spells:

 Spells                   Type           Power      Damage    Failure   Level
 Vampiric Draining        Necr           24%        2d7       4%          3
 Animate Dead             Necr           12%        N/A       14%         4
 Agony                    Necr           24%        N/A       36%         5


Dungeon Overview and Level Annotations

Branches:
Dungeon (1/15)

Altars:


Message History

The endoplasm quivers.
The quokka twitches its whiskers.
The quokka misses you.
Unknown command.
Casting: Pain (safe; 1% risk of failure)
Confirm with . or Enter, or press ? or * to list all spells.
Aiming: Pain (safe; 1% risk of failure)
Press: ? - help, Shift-Dir - straight line, f/p - quokka
Aim: a quokka (almost dead, chance to affect: 92%)
The quokka writhes in agony.
You kill the quokka!
Unknown command.
Unknown command.
Casting: Pain (safe; 1% risk of failure)
Confirm with . or Enter, or press ? or * to list all spells.
Aiming: Pain (safe; 1% risk of failure)
Press: ? - help, Shift-Dir - straight line, f - quokka
Aim: a quokka (chance to affect: 92%)
The quokka writhes in agony.
The quokka barely misses you.
Casting: Pain (safe; 1% risk of failure)
Confirm with . or Enter, or press ? or * to list all spells.
Aiming: Pain (safe; 1% risk of failure)
Press: ? - help, Shift-Dir - straight line, f/p - quokka
Aim: a quokka (almost dead, chance to affect: 92%)
The quokka writhes in agony.
You kill the quokka!
Casting: Pain (safe; 1% risk of failure)
Confirm with . or Enter, or press ? or * to list all spells.
Aiming: Pain (safe; 1% risk of failure)
Press: ? - help, Shift-Dir - straight line, f - endoplasm
Aim: an endoplasm (chance to affect: 92%)
The endoplasm writhes in agony.
The endoplasm completely misses you.
Casting: Pain (safe; 1% risk of failure)
Confirm with . or Enter, or press ? or * to list all spells.
Aiming: Pain (safe; 1% risk of failure)
Press: ? - help, Shift-Dir - straight line, f/p - endoplasm
Aim: an endoplasm (lightly wounded, chance to affect: 92%)
The endoplasm writhes in agony.
The endoplasm freezes you.
You are frozen.
You die...

######## #......#
#.........# #......#
#.........# #......#
#.........# #..>...#
#.........# #......##
#.........# #.......#
#.........# ###.###J#
#.........#
#.###@###........# ##
#.......#.#.....## #.
#!>.......##.#### #.
#...$....###.# ####.
#......#.# #.#####....
#......#.# #..........
#........#†###..........
#........#..#...........
.........##)............


You could see an endoplasm.

Vanquished Creatures
  2 bats (D:1)
  An endoplasm (D:1)
  2 giant cockroaches (D:1)
  A goblin (D:1)
  2 hobgoblins (D:1)
  3 quokkas (D:1)
  2 ball pythons (D:1)
  A frilled lizard (D:1)
  3 kobolds (D:1)
  4 rats (D:1)
21 creatures vanquished.

Notes
Turn   | Place    | Note
-------+----------+-------------------------------------------
     0 | D:1      | protoss039 the Deep Elf Necromancer began the quest for the
                  | Orb.
     0 | D:1      | Reached XP level 1. HP: 10/10 MP: 6/6
     0 | D:1      | Noticed a vampire
     1 | D:1      | Noticed a gargoyle
     3 | D:1      | Noticed a naga
     3 | D:1      | Noticed a spriggan
     5 | D:1      | Noticed a demigod
     6 | D:1      | Noticed a minotaur
     7 | D:1      | Noticed an ogre
    11 | D:1      | Noticed a gargoyle
    11 | D:1      | Noticed a minotaur
    15 | D:1      | Noticed a barachi
    15 | D:1      | Noticed a demonspawn
    15 | D:1      | Noticed an elf
    17 | D:1      | Noticed a tengu
    19 | D:1      | Noticed a demigod
    19 | D:1      | Noticed a merfolk
    33 | D:1      | Reached skill level 5 in Necromancy
   282 | D:1      | Reached XP level 2. HP: 12/15 MP: 8/8
   590 | D:1      | Learned a level 1 spell: Animate Skeleton
   761 | D:1      | Frozen to death by an endoplasm

Illustrated notes

Levels and vault maps discovered:
D:1:      shiori_arrival_whats_in_store_for_you, layout_rooms,
          ebering_ecumenical_altar_mist

Skill      XL: |  1 |
---------------+----+-----
Necromancy     | 5 |  5.6
Dodging        | |  2.4
Stealth        | |  2.4
Spellcasting   | |  3.4

Action                   || total
-------------------------++-------
Melee: Short sword       ||    19
 Cast: Pain              ||    25
       Animate Skeleton  ||     3
 Stab: Sleeping          ||     2
Armor: Robe              ||     7
Dodge: Dodged            ||    14
